Map: Acrópole LE

Players

TiagoTux - Winner!

  • Race: Terran Terran
  • Spawn Location: 5:00

I.A. 1 (Muito Difícil)

  • Race: Protoss Protoss
  • Spawn Location: 11:00

VOD

Have the link to the VOD?

Description

First test

Time

  • Played on: Sept. 11, 2019, 4:19 p.m.
  • Length: 9:29
Show
View Real Time Build Order
Export as new Build Order

TiagoTux Terran - Winner!

Build Orders: Liberator Opening 

Get SALT Encoding   

  12  0:01  SCV  
  13  0:14  SCV  
  13  0:21  Supply Depot  
  14  0:26  SCV  
  16  0:42  SCV  
  16  0:45  Barracks  
  16  0:55  SCV  
  16  0:56  Refinery  
  17  1:07  SCV  
  18  1:32  Orbital Command  
  18  1:39  Supply Depot  
  18  2:04  Barracks Reactor  
  18  2:13  SCV  
  19  2:17  Refinery  
  19  2:20  Factory  
  19  2:27  SCV  
  20  2:41  SCV  
  20  2:42  Marine x2  
  23  2:58  Command Center  
  23  3:03  SCV  
  23  3:04  Factory Tech Lab  
  24  3:07  Starport  
  24  3:15  SCV  
  24  3:19  Marine x2  
  27  3:27  Siege Tank  
  30  3:38  SCV  
  31  3:50  Supply Depot  
  31  3:51  Supply Depot  
  31  3:53  Liberator  
  31  4:10  SCV, Marine x2  
  37  4:20  Siege Tank  
  37  4:24  SCV  
  42  4:27  Orbital Command  
  41  4:31  Refinery  
  41  4:36  Marine  
  41  4:37  Marine  
  43  4:45  Supply Depot, SCV  
  44  4:51  Liberator  
  44  4:52  Siege Tank  
  47  4:57  SCV  
  48  5:05  Marine  
  48  5:06  Marine  
  50  5:11  SCV x2  
  55  5:22  Supply Depot  
  55  5:26  SCV x2, Engineering Bay  
  55  5:27  Marine x2  
  59  5:30  Siege Tank  
  59  5:34  Liberator  
  62  5:41  Refinery  
  62  5:47  Marine  
  62  5:48  Marine  
  67  6:08  Marine x2, SCV x2  
  67  6:09  Siege Tank  
  74  6:26  Marine  
  75  6:35  Terran Infantry Weapons Level 1  
  75  6:37  Command Center  
  75  6:41  Siege Tank  
  75  6:44  Barracks  
  78  6:47  Barracks  
  78  6:48  Barracks  
  78  6:51  Barracks  
  78  7:03  Supply Depot  
  78  7:05  Supply Depot  
  78  7:06  Supply Depot  
  78  7:25  SCV x2  
  78  7:29  Supply Depot  
  80  7:37  Barracks Reactor, SCV x2  
  80  7:38  Barracks Reactor x2  
  80  7:39  Barracks Reactor  
  82  7:58  Marine  
  82  7:59  Marine  
  82  8:00  Siege Tank  
  82  8:01  Medivac  
  89  8:10  Barracks Tech Lab  
  89  8:12  Barracks Tech Lab  
  89  8:16  Marine x2  
  89  8:17  Marine x4  
  95  8:20  SCV  
  96  8:31  Medivac  
  96  8:32  Siege Tank  
  96  8:34  Marine x3  
  101  8:35  Marine x3  
  107  8:51  Marine  
  107  8:52  Marine  
Show
View Real Time Build Order
Export as new Build Order

I.A. 1 (Muito Difícil) Protoss 

Build Orders: Zealot Archon 

Get SALT Encoding   

  12  0:00  Probe  
  13  0:13  Probe  
  14  0:19  Pylon  
  14  0:25  Probe  
  15  0:34  Probe  
  15  0:42  Probe  
  16  0:47  Assimilator  
  17  0:51  Gateway  
  17  0:52  Probe  
  18  0:59  Pylon  
  18  1:00  Probe  
  19  1:08  Probe  
  19  1:18  Probe  
  21  1:36  Gateway  
  21  1:38  Zealot, Probe  
  24  1:40  Cybernetics Core  
  24  1:48  Pylon  
  24  1:50  Probe  
  25  2:00  Probe  
  25  2:05  Zealot  
  25  2:08  Probe  
  29  2:16  Warp Gate  
  29  2:22  Adept  
  31  2:29  Gateway  
  31  2:32  Adept  
  33  2:38  Gateway  
  33  2:52  Adept  
  33  2:55  Probe, Adept  
  33  2:57  Pylon  
  38  3:16  Adept  
  40  3:22  Adept x2  
  40  3:24  Pylon  
  40  3:25  Adept  
  46  3:39  Robotics Facility  
  46  3:54  Assimilator  
  46  4:01  Twilight Council  
  46  4:05  Pylon  
  46  4:42  Zealot  
  48  4:49  Templar Archives  
  48  4:51  Nexus  
  48  5:24  Stalker  
  48  5:27  Forge, High Templar  
  52  5:52  High Templar  
  52  5:56  Archon  
  54  5:59  Probe  
  54  6:03  Probe  
  56  6:07  Forge, Probe  
  54  6:14  Assimilator  
  54  6:15  Probe x2  
  54  6:17  Assimilator  
  53  6:23  Probe, High Templar  
  50  6:28  Probe  
  49  6:33  Probe  
  44  6:40  Probe  
  44  6:45  Probe  
  44  6:48  High Templar  
  44  6:52  Probe  
  45  6:57  Probe  
  44  7:04  Probe  
  44  7:08  High Templar  
  45  7:09  Probe  
  44  7:16  Probe  
  44  7:19  Probe  
  44  7:23  High Templar  
  44  7:27  Probe  
  44  7:28  Probe  
  46  7:36  Probe  
  46  7:37  High Templar  
  46  7:40  Probe  
  46  7:48  Probe  
  44  7:52  Probe, High Templar  
  47  8:00  Probe  
  47  8:04  Probe  
  47  8:05  High Templar  
  48  8:08  Probe  
  47  8:16  Probe x2  
  45  8:20  High Templar  
  45  8:25  Probe  
  45  8:26  Probe  
  47  8:30  Pylon  
  47  8:33  Probe  
  46  8:34  High Templar  
  46  8:35  Zealot  
  46  8:38  Probe, Zealot  
  36  8:50  Probe  
  36  8:52  Zealot  
  36  8:55  Zealot  
  30  8:58  Zealot  
  32  9:02  Probe  
  32  9:06  High Templar  
  32  9:15  Probe  
Tags
 
Add a new tag
Caveats
  • Supply blocks, unpowered buildings, or Contaminate may cause inaccurate times.
  • Supply counts are checked every 10 seconds.